 Dungeon Crawl Stone Soup version 0.29-a0-322-g68df515428 (webtiles) character file.

Game seed: 9136088982340217843

473 horus123 the Magician (level 6, -6/41 HPs)
             Began as a Demonspawn Conjurer on Apr 6, 2022.
             Mangled by Duvessa
             ... wielding a +0 short sword
              (12 damage)
             ... on level 4 of the Dungeon.
             The game lasted 00:11:16 (5144 turns).

horus123 the Magician (Demonspawn Conjurer)         Turns: 5144, Time: 00:11:16

Health: -6/41      AC:  6    Str: 13    XL:     6   Next: 84%
Magic:  6/15       EV: 12    Int: 27    God:
Gold:   164        SH:  0    Dex: 12    Spells: 10/17 levels left

rFire   . . .      SeeInvis .   l - +1 short sword (speed)
rCold   . . .      Faith    .   (no shield)
rNeg    . . .      Spirit   .   a - +1 robe
rPois   .          Reflect  .   (helmet restricted)
rElec   .          Harm     .   s - +0 cloak
rCorr   .          Rampage  .   (no gloves)
Will    .....                   (no boots)
Stlth   ++........              (no amulet)
HPRegen 0.13/turn               q - +6 ring of strength
MPRegen 0.14/turn               r - +6 ring of intelligence

@: no status effects
A: antennae 1, molten scales 1, demonic guardian 1
a: no special abilities


You were on level 4 of the Dungeon.
You visited 1 branch of the dungeon, and saw 5 of its levels.

You collected 164 gold pieces.

Inventory:

Hand Weapons
 l - a +1 short sword of speed (weapon)
 u - a +0 morningstar
Armour
 a - a +1 robe (worn)
 s - a +0 cloak (worn)
 v - a +0 leather armour
Jewellery
 d - a ring of ice
 q - a +6 ring of strength (left hand)
 r - a +6 ring of intelligence (right hand)
Wands
 t - a wand of digging (8)
Scrolls
 i - 2 scrolls of fear
 k - a scroll of holy word
 n - a scroll of teleportation
 p - 3 scrolls of noise
 w - a scroll of immolation {unknown}
Potions
 b - 2 potions of magic
 c - 2 potions of attraction {unknown}
 e - a potion of cancellation {unknown}
 f - a potion of brilliance {unknown}
 g - 2 potions of lignification {unknown}
 h - 2 potions of haste {unknown}
 j - 2 potions of heal wounds {unknown}
 m - a potion of curing {unknown}
 o - 2 potions of degeneration {unknown}


   Skills:
 - Level 1.7 Dodging
 - Level 1.7 Stealth
 - Level 6.0 Spellcasting
 + Level 5.4 Conjurations


You had 10 spell levels left.
You knew the following spells:

 Your Spells              Type           Power      Damage    Failure   Level
a - Magic Dart            Conj           100%       1d8       1%          1
b - Searing Ray           Conj           74%        2d7       1%          2
c - Iskenderun's Mystic   Conj/Tloc      22%        2d6       22%         4

Your spell library contained the following spells:

 Spells                   Type           Power      Damage    Failure   Level
 Foxfire                  Conj/Fire      88%        2x1d8     2%          1
 Static Discharge         Conj/Air       22%        N/A       3%          2
 Animate Skeleton         Necr           16%        N/A       6%          1
 Apportation              Tloc           16%        N/A       6%          1
 Summon Small Mammal      Summ           32%        N/A       6%          1
 Conjure Flame            Conj/Fire      22%        6-21      6%          3
 Dazzling Flash           Conj/Hex       44%        N/A       6%          3
 Call Canine Familiar     Summ           8%         N/A       19%         3
 Inner Flame              Hex/Fire       8%         N/A       19%         3
 Summon Guardian Golem    Hex/Summ       8%         N/A       19%         3
 Flame Wave               Conj/Fire      22%        2d7       22%         4
 Fulminant Prism          Conj/Hex       11%        3d9       22%         4
 Lightning Bolt           Conj/Air       11%        1d24      52%         5
 Maxwell's Capacitive Co  Air            4%         ∞         100%        8


Dungeon Overview and Level Annotations

Branches:
Dungeon (5/15)
 Temple: D:4-7

Altars:

Annotations:
D:4 Duvessa


Innate Abilities, Weirdness & Mutations

You have a pair of small antennae on your head.
You are partially covered in molten scales. (AC +2)
A weak demonic guardian rushes to your aid.


Message History

Press: ? - help, Shift-Dir - straight line, f - Duvessa
Aim: Duvessa, wielding a +0 short sword and wearing a +2 leather armour of fire resistance (berserk, 83% to hit)
The searing ray misses Duvessa. (Press . to maintain the ray.) Unknown command.
The searing ray hits Duvessa.
Duvessa is lightly wounded.
The searing ray misses Duvessa.
Duvessa barely misses you. Duvessa hits you but does no damage.
The searing ray hits Duvessa.
Duvessa is lightly wounded.
You finish channelling your searing ray.
Duvessa hits you with a +0 short sword!
Okay, then.
Okay, then.
Casting: Searing Ray (safe; 1% risk of failure)
Confirm with . or Enter, or press ? or * to list all spells.
Aiming: Searing Ray (safe; 1% risk of failure)
Press: ? - help, Shift-Dir - straight line, f/p - Duvessa
Aim: Duvessa, wielding a +0 short sword and wearing a +2 leather armour of fire resistance (lightly wounded, berserk, 83% to hit)
The searing ray hits Duvessa.
Duvessa is moderately wounded. (Press . to maintain the ray.) Duvessa hits you with a +0 short sword.
Duvessa barely misses you.
The searing ray hits Duvessa but does no damage.
Duvessa is moderately wounded.
Duvessa barely misses you.
The searing ray hits Duvessa but does no damage.
Duvessa is moderately wounded.
Duvessa barely misses you. Duvessa hits you with a +0 short sword!
The searing ray hits Duvessa.
Duvessa is moderately wounded.
You finish channelling your searing ray.
Duvessa hits you with a +0 short sword.
* * * LOW HITPOINT WARNING * * *
Duvessa attacks as you move away! Duvessa hits you with a +0 short sword.
* * * LOW HITPOINT WARNING * * *
Duvessa closely misses you. Duvessa attacks as you move away!
Duvessa hits you with a +0 short sword!
You die...

#.....#.......................##
##....#................##.....#
##......[)####.##.............##
#..............#..........#....#
#........##.<.##..............##
#.........#................##..#
.........##..............###.).##
....#.##.................###....)
....#..........e@<.........#.##..
.......#..#...###............####
.##..###..#...##...#........##
.##................#.......###
........#.#...#..#...........####
........#.....#.##............#.#
...##..##........................
...##.......................#....
....#............##.......###....


You could see Duvessa (berserk).

Vanquished Creatures
  An ice beast (D:4)
  A scorpion (D:4)
  Dowan (D:4)
  3 orc priests (D:4)
  An iguana (D:4)
  2 orc wizards (D:4)
  3 adders
  2 worms (D:2)
  2 dart slugs
  7 orcs (D:4)
  9 ball pythons
  7 endoplasms
  4 giant cockroaches
  7 goblins
  6 hobgoblins
  7 jackals (D:2)
  2 quokkas
  4 bats
  2 frilled lizards
  6 kobolds
  3 rats (D:3)
80 creatures vanquished.

Notes
Turn   | Place    | Note
-------+----------+-------------------------------------------
     0 | D:1      | horus123 the Demonspawn Conjurer began the quest for the
                  | Orb.
     0 | D:1      | Reached XP level 1. HP: 13/13 MP: 3/3
   610 | D:1      | Gained mutation: A weak demonic guardian rushes to your
                  | aid. [demonic ancestry]
   610 | D:1      | Reached XP level 2. HP: 19/19 MP: 3/5
   943 | D:1      | Reached skill level 3 in Spellcasting
  1514 | D:2      | Gained mutation: You are partially covered in molten
                  | scales. (AC +2) [demonic ancestry]
  1514 | D:2      | Reached XP level 3. HP: 14/24 MP: 1/7
  1719 | D:2      | Learned a level 2 spell: Searing Ray
  2006 | D:2      | Got An Initiation to the Arcane Arts
  2575 | D:2      | Reached skill level 4 in Spellcasting
  2762 | D:2      | Gained mutation: You have a pair of small antennae on your
                  | head. [demonic ancestry]
  2762 | D:2      | Reached XP level 4. HP: 30/30 MP: 7/10
  3282 | D:3      | Found a faded altar of an unknown god.
  3480 | D:3      | Learned a level 4 spell: Iskenderun's Mystic Blast
  3763 | D:4      | Noticed an ice beast
  3773 | D:5      | Entered Level 5 of the Dungeon
  3931 | D:4      | Killed an ice beast
  3932 | D:4      | Reached skill level 5 in Spellcasting
  3932 | D:4      | Reached XP level 5. HP: 26/35 MP: 3/13
  4121 | D:4      | Reached XP level 6. HP: 26/41 MP: 6/14
  4252 | D:4      | Reached skill level 6 in Spellcasting
  4419 | D:4      | Noticed Dowan
  4441 | D:4      | Killed Dowan
  4442 | D:4      | Reached skill level 5 in Conjurations
  4444 | D:4      | Noticed Duvessa
  5144 | D:4      | Mangled by Duvessa

Illustrated notes

Levels and vault maps discovered:
D:1:      dpeg_arrival_rooms_a, layout_basic
D:2:      layout_loops_ring, grunt_ministairs_14, chequers_garden
D:3:      layout_basic, hellmonk_ecumenical_altar_slurped_away,
          minmay_misc_feat_doors, st_stairs_4, minivault_27
D:4:      layout_cave_pools, chequers_ossuary_entry_cave, uniq_duvessa
D:5:      layout_rooms, ebering_dispersal_statue_hall

Skill      XL: |  1  2  3  4  5  6 |
---------------+-------------------+-----
Spellcasting   | 3 4 5 6 |  6.0
Conjurations   | 5 |  5.4
Dodging        | |  1.7
Stealth        | |  1.7

Action                   |  1- 3 |  4- 6 || total
-------------------------+-------+-------++-------
Melee: Unarmed           |     4 |       ||     4
       Short sword       |       |     7 ||     7
 Cast: Magic Dart        |    86 |    71 ||   157
       Searing Ray       |     6 |    12 ||    18
  Use: Scroll            |     3 |     4 ||     7
       Potion            |       |     1 ||     1
Armor: Robe              |     6 |     6 ||    12
Dodge: Dodged            |    27 |    21 ||    48

Table legend: (Time is in decaauts)
 A = Elapsed time spent in this place.
 B = Non-inter-level travel time spent in this place.
 C = Inter-level travel time spent in this place.
 D = Time resting spent in this place.
 E = Time spent auto-exploring this place.
 F = Levels seen in this place.
 G = Mean time per level.
                   A        B        C        D        E       F      G
               +--------+--------+--------+--------+--------+-----+--------+
         Total |   5143 |   5040 |    103 |   1354 |   2983 |   5 | 1028.6 |
       Dungeon |   5143 |   5040 |    103 |   1354 |   2983 |   5 | 1028.6 |
               +--------+--------+--------+--------+--------+-----+--------+

Top non-repeatable levels by time:
     D:1: 1624 daAuts
     D:2: 1301 daAuts
     D:3: 1082 daAuts
     D:4: 998 daAuts
     D:5: 136 daAuts
